 Dungeon Crawl Stone Soup version 0.29-a0-322-g68df515428 (webtiles) character file.

Game seed: 7709251217651580399

1 zishaf the Gusty (level 1, -1/13 HPs)
             Began as a Human Wanderer on Apr 5, 2022.
             Frozen to death by an endoplasm (5 damage)
             ... on level 1 of the Dungeon.
             The game lasted 00:00:45 (27 turns).

zishaf the Gusty (Human Wanderer)                     Turns: 27, Time: 00:00:46

Health: -1/13      AC:  3    Str:  9    XL:     1   Next: 22%
Magic:  4/4        EV: 11    Int: 13    God:
Gold:   0          SH:  0    Dex: 14    Spells: 5/6 levels left

rFire   . . .      SeeInvis .   a - +0 dagger
rCold   . . .      Faith    .   (no shield)
rNeg    . . .      Spirit   .   c - +0 robe
rPois   .          Reflect  .   (no helmet)
rElec   .          Harm     .   (no cloak)
rCorr   .          Rampage  .   (no gloves)
Will    .....                   d - +0 pair of boots
Stlth   ++........              (no amulet)
HPRegen 0.04/turn               (no ring)
MPRegen 0.09/turn               (no ring)

@: no status effects
A: no striking features
a: no special abilities


You were on level 1 of the Dungeon.
You visited 1 branch of the dungeon, and saw 1 of its levels.

Inventory:

Hand Weapons
 a - a +0 dagger (weapon)
Armour
 c - a +0 robe (worn)
 d - a +0 pair of boots (worn)
Potions
 b - a potion of brilliance
 e - a potion of cancellation {unknown}


   Skills:
 + Level 0.2 Fighting
 - Level 2.0 Stealth
 - Level 3.0 Spellcasting
 - Level 2.0 Transmutations
 - Level 3.0 Air Magic
 + Level 0.2 Poison Magic


You had 5 spell levels left.
You knew the following spells:

 Your Spells              Type           Power      Damage    Failure   Level
a - Sting                 Tmut/Pois      16%        1d3       14%         1

Your spell library contained the following spells:

 Spells                   Type           Power      Damage    Failure   Level
 Shock                    Conj/Air       20%        1d4       12%         1
 Corpse Rot               Necr/Air       10%        N/A       19%         2
 Mephitic Cloud           Conj/Pois/Air  4%         N/A       41%         3
 Spider Form              Tmut/Pois      4%         N/A       41%         3


Dungeon Overview and Level Annotations

Branches:
Dungeon (1/15)

Altars:


Message History

The heart of this dungeon contains the majestic artefact, the Orb of Zot.
Press ? for a list of commands and other information.
Found a sedimented amethyst potion.
Found a staircase leading out of the dungeon.
You begin with the following items: a +0 dagger, a potion of brilliance, a +0 robe, a +0 pair of boots; and the following spells available to memorise: Shock, Sting, Corpse Rot, Mephitic Cloud, Spider Form.
Okay, then.
Memorise Sting, consuming 1 spell level and leaving 5?
You start memorising the spell.
You continue memorising.
You finish memorising.
Spell assigned to 'a'.
e - a sedimented amethyst potion You open the door.
Found an escape hatch in the floor.
There is an open door here.
As you open the door, it creaks loudly! 2 endoplasms come into view.
The endoplasm quivers. x2
You hear an angry hiss.
A ball python comes into view.
The ball python hisses angrily.
You hit the endoplasm.
The endoplasm is heavily wounded.
The endoplasm freezes you.
You are frozen.
You hit the endoplasm.
The endoplasm is severely wounded.
The endoplasm freezes you.
You are frozen.
You hit the endoplasm.
You kill the endoplasm!
You hit the endoplasm.
The endoplasm is moderately wounded.
The endoplasm freezes you.
You are frozen.
You are too injured to fight recklessly!
You are too injured to fight recklessly!
You hit the endoplasm.
The endoplasm is almost dead.
The endoplasm freezes you.
You are frozen.
You die...

...........#
..........+
......... .......
..... .S. #J# #@#
#####.#####
#.........##
.........##..#
###.########'#######
# #.............#
#...##...##...#
#<..##...# >#
#≈≈≈........


You could see an endoplasm and a ball python.

Vanquished Creatures
  An endoplasm (D:1)
1 creature vanquished.

Notes
Turn   | Place    | Note
-------+----------+-------------------------------------------
     0 | D:1      | zishaf the Human Wanderer began the quest for the Orb.
     0 | D:1      | zishaf set off with the following items: a +0 dagger, a
                  | potion of brilliance, a +0 robe, a +0 pair of boots; and
                  | the following spells available to memorise: Shock, Sting,
                  | Corpse Rot, Mephitic Cloud, Spider Form
     0 | D:1      | Reached XP level 1. HP: 13/13 MP: 4/4
     2 | D:1      | Learned a level 1 spell: Sting
    27 | D:1      | Frozen to death by an endoplasm

Illustrated notes

Levels and vault maps discovered:
D:1:      amcnicky_arrival_flooded_fountain, layout_loops_corners,
          chequers_big_river, nicolae_figureground_pulse

Action                   || total
-------------------------++-------
Melee: Dagger            ||     5

Table legend: (Time is in decaauts)
 A = Elapsed time spent in this place.
 B = Non-inter-level travel time spent in this place.
 C = Inter-level travel time spent in this place.
 D = Time resting spent in this place.
 E = Time spent auto-exploring this place.
 F = Levels seen in this place.
 G = Mean time per level.
                   A        B        C        D        E       F      G
               +--------+--------+--------+--------+--------+-----+--------+
         Total |     27 |     27 |      0 |      0 |     17 |   1 |   27.0 |
       Dungeon |     27 |     27 |      0 |      0 |     17 |   1 |   27.0 |
               +--------+--------+--------+--------+--------+-----+--------+

Top non-repeatable levels by time:
     D:1: 27 daAuts
